 Dungeon Crawl Stone Soup version 0.31-a0-1570-g93c622d222 (webtiles) character file.

Game seed: 4848974631239412970

5772 Curundu the Severer (level 10, 0/80 HPs)
             Began as a Minotaur Berserker on Jan 3, 2024.
             Was an Elder of Trog.
             Slain by Grum
             ... wielding a -1 glaive
              (16 damage)
             ... on level 7 of the Dungeon.
             The game lasted 00:32:15 (8239 turns).

Curundu the Severer (Minotaur Berserker)            Turns: 8239, Time: 00:32:16

Health: 0/80       AC: 12    Str: 27    XL:     10   Next: 49%
Magic:  9/9        EV:  8    Int:  4    God:    Trog [****..]
Gold:   450        SH:  0    Dex:  9    Spells: 9/9 levels left

rFire   . . .        F - +4 trident (drain)
rCold   . . .        (no shield)
rNeg    . . .        I - +0 plate armour
rPois   .            (helmet restricted)
rElec   .            (no cloak)
rCorr   .            e - +0 pair of gloves
SInv    .            (no boots)
Will    .....        (no amulet) Stlth
                     (no ring)
HPRegen 0.33/turn    (no ring)
MPRegen 0.11/turn

%: no passive effects
@: no status effects
A: horns 2, retaliatory headbutt
a: Renounce Religion, Berserk, Trog's Hand, Brothers in Arms


You were on level 7 of the Dungeon.
You worshipped Trog.
Trog was greatly pleased with you.
You visited 2 branches of the dungeon, and saw 9 of its levels.
You also visited: Ossuary.

You collected 450 gold pieces.

Inventory:

Hand Weapons
 a - a +0 hand axe
 F - a +4 trident of draining (weapon)
Missiles
 j - 3 boomerangs
 s - 25 poisoned darts
Armour
 e - a +0 pair of gloves (worn)
 I - a +0 plate armour (worn)
Jewellery
 p - a +6 ring of dexterity
 C - a +6 ring of dexterity
 G - an amulet of faith
Wands
 n - a wand of flame (23)
 t - a wand of iceblast (11)
 v - a wand of polymorph (6)
 E - a wand of light (13)
 J - a wand of mindburst (7) (quivered)
Scrolls
 f - 11 scrolls of identify {unknown}
 g - 4 scrolls of teleportation {unknown}
 h - 2 scrolls of blinking {unknown}
 i - 4 scrolls of enchant weapon {unknown}
 o - 2 scrolls of immolation {unknown}
 q - a scroll of brand weapon {unknown}
 r - 2 scrolls of amnesia {unknown}
 x - 3 scrolls of fog {unknown}
 y - 2 scrolls of noise {unknown}
 z - 3 scrolls of fear {unknown}
 A - a scroll of vulnerability {unknown}
 B - 2 scrolls of enchant armour {unknown}
 H - a scroll of poison {unknown}
Potions
 b - a potion of brilliance {unknown}
 c - a potion of magic {unknown}
 d - 5 potions of haste {unknown}
 k - 3 potions of heal wounds {unknown}
 l - a potion of mutation {unknown}
 m - a potion of might {unknown}
 u - 6 potions of curing {unknown}
 w - 4 potions of enlightenment {unknown}
 D - 2 potions of attraction {unknown}


   Skills:
 - Level 4.4 Fighting
 + Level 18.0 Axes
 - Level 3.6 Armour
 - Level 3.3 Dodging


You had 9 spell levels left.
You didn't know any spells.
Your spell library was empty.

Dungeon Overview and Level Annotations

Branches:
Dungeon (8/15)             Temple (1/1) D:4         Ossuary (visited)
   Lair: D:8-11

Altars:
Ashenzari
Cheibriados
Dithmenos
Fedhas
Gozag
Hepliaklqana
Kikubaaqudgha
Makhleb
Nemelex Xobeh
Qazlal
Ru
Trog
Uskayaw
Vehumet
Wu Jian
Xom
Yredelemnul
Zin
The Shining One
Jiyva

Shops:
D:2 :

Annotations:
D:7 Grum
D:8 Joseph


Innate Abilities, Weirdness & Mutations

You have a pair of horns on your head.
You reflexively headbutt those who attack you in melee.


Message History

The wolf is heavily wounded.
The wolf bites you.
You puncture the wolf!
You kill the wolf!
Trog accepts your kill.
Your Axes skill increases to level 18!
You see here a wolf corpse.
There is a stone staircase leading down, spattered with blood here.
You start resting.
HP restored.
You climb downwards.
Level annotation: Grum, Joseph Grum hits you from afar with a -1 glaive!
The orc throws a boomerang.
The boomerang hits you but does no damage.
An orc wizard comes into view. It is wielding a +0 dagger.
There is a stone staircase leading up, spattered with blood here.
The orc wizard shouts!
Grum attacks as he pursues you! Grum completely misses you.
Grum hits you with a -1 glaive! The orc barely misses you.
You furiously retaliate!
You headbutt the orc.
The orc wizard casts a spell.
The orc wizard flickers and vanishes!
Deactivating autopickup; reactivate with Ctrl-A.
There is a stone staircase leading up, spattered with blood here.
The orc warrior hits you from afar with a +0 halberd.
Grum hits you with a -1 glaive! The orc hits you with a +0 morningstar.
You climb upwards.
Reactivating autopickup.
There is a stone staircase leading down, spattered with blood here.
You barely miss Grum. Grum hits you with a -1 glaive.
You barely miss Grum. The orc hits you but does no damage.
Grum hits you with a -1 glaive!
* * * LOW HITPOINT WARNING * * *
You hit Grum.
Grum is lightly wounded.
The orc hits you with a +0 morningstar.
* * * LOW HITPOINT WARNING * * *
Grum hits you with a -1 glaive!
You die...

### ########## #.#
#go......# #####.##
#@.......# ...##..##
#†.......#
...##...########........##
...##.#..................##
.<............##..........#
.....###.#######..........#
.....).......# ####.......#
.............# ##.....##
.............# ##.....##


You could see Grum and an orc.

Vanquished Creatures
  Pikel (D:7)
  Jeremiah (D:7)
  The ghost of Azoth the Cudgeller, an amateur DsGl (D:5)
  2 hornets
  Prince Ribbit (D:7)
  Grinder (D:5)
  A wyvern (D:7)
  A steam dragon (D:6)
  Menkaure (D:4)
  3 black bears
  2 orc warriors (D:7)
  An ice beast (D:5)
  4 ogres
  A centaur (D:6)
  3 wolves (D:7)
  3 lemures (D:6)
  A kobold brigand (D:5)
  A bullfrog (D:7)
  10 scorpions
  A gnoll sergeant (D:4)
  2 howler monkeys
  A crimson imp (D:7)
  3 centaur zombies (Ossuary)
  4 human zombies (Ossuary)
  4 orc priests
  2 bombardier beetles
  5 hounds
  Natasha (thrice) (D:3)
  An iguana (D:6)
  7 orc wizards
  2 scorpion zombies (Ossuary)
  A hound zombie (D:4)
  3 mummies (Ossuary)
  17 gnolls
  2 adders
  2 white imps
  2 ufetubi (D:5)
  3 adder zombies
  2 adder skeletons (D:4)
  3 ribbon worms
  4 dart slugs
  25 orcs
  5 bats
  4 endoplasms
  2 giant cockroaches
  A gnoll zombie (Ossuary)
  7 goblins
  7 hobgoblins
  9 jackals
  18 kobolds
  2 quokkas
  5 ball pythons
  2 ball python zombies (Ossuary)
  3 frilled lizards
  2 jackal zombies (Ossuary)
  3 orc zombies (Ossuary)
  6 rats
214 creatures vanquished.

Vanquished Creatures (collateral kills)
  Maggie (D:7)
1 creature vanquished.

Grand Total: 215 creatures vanquished

Notes
Turn   | Place    | Note
-------+----------+-------------------------------------------
     0 | D:1      | Curundu the Minotaur Berserker began the quest for the Orb.
     0 | D:1      | Reached XP level 1. HP: 19/19 MP: 0/0
   249 | D:1      | Reached XP level 2. HP: 27/27 MP: 1/1
   738 | D:1      | Reached skill level 4 in Axes
   738 | D:1      | Reached XP level 3. HP: 22/33 MP: 2/2
   989 | D:2      | Reached XP level 4. HP: 29/40 MP: 3/3
  1059 | D:2      | Reached ** piety under Trog
  1134 | D:2      | Identified the +1 robe of the Banana {rF+}
  1178 | D:2      | Found Caenex's Vocational Training.
  1635 | D:3      | Found a faded altar of an unknown god.
  1747 | D:3      | Found an opulent altar of Gozag.
  1752 | D:3      | Noticed Natasha
  1758 | D:3      | Killed Natasha
  1759 | D:3      | Reached skill level 5 in Axes
  1759 | D:3      | Reached XP level 5. HP: 45/47 MP: 4/4
  1806 | D:3      | Reached skill level 6 in Axes
  2106 | D:3      | Noticed Natasha
  2119 | D:3      | Killed Natasha
  2332 | D:3      | Noticed Natasha
  2341 | D:3      | Killed Natasha
  2342 | D:3      | Reached XP level 6. HP: 53/53 MP: 5/5
  2458 | D:4      | Reached *** piety under Trog
  2479 | D:4      | Found a blossoming altar of Fedhas.
  2572 | D:4      | Reached skill level 7 in Axes
  2793 | D:4      | Noticed Menkaure
  2801 | D:4      | Killed Menkaure
  2802 | D:4      | Reached skill level 8 in Axes
  2886 | D:4      | Reached XP level 7. HP: 53/60 MP: 6/6
  2949 | D:4      | Found a sand-covered staircase.
  2957 | Ossuary  | Entered an ossuary
  2973 | Ossuary  | Reached skill level 9 in Axes
  3104 | Ossuary  | Reached **** piety under Trog
  3137 | Ossuary  | Reached skill level 10 in Axes
  3201 | Ossuary  | Reached XP level 8. HP: 61/67 MP: 7/7
  3271 | Ossuary  | Reached skill level 11 in Axes
  4080 | D:4      | Found a shimmering altar of Xom.
  4275 | D:4      | Found a staircase to the Ecumenical Temple.
  4283 | D:4      | Reached skill level 12 in Axes
  4290 | Temple   | Entered the Ecumenical Temple
  4373 | D:5      | Entered Level 5 of the Dungeon
  4423 | D:5      | Found a glowing golden altar of the Shining One.
  4876 | D:5      | Noticed Grinder
  4879 | D:5      | Paralysed by Grinder for 5 turns
  4891 | D:5      | Killed Grinder
  4892 | D:5      | Reached skill level 13 in Axes
  5039 | D:5      | Found a runed translucent gate.
  5039 | D:5      | Found a runed translucent gate.
  5039 | D:5      | Noticed Azoth's ghost (amateur DsGl)
  5040 | D:5      | Found a runed translucent gate.
  5071 | D:5      | Noticed a hornet
  5073 | D:5      | You fall into a shaft and drop 2 floors!
  5075 | D:7      | Noticed Maggie
  5093 | D:7      | Killed Maggie
  5094 | D:7      | Reached XP level 9. HP: 23/72 MP: 8/8
  5367 | D:7      | Noticed Jeremiah
  5403 | D:7      | Killed Jeremiah
  5404 | D:7      | Reached skill level 14 in Axes
  5496 | D:7      | Identified the +6 rapier of Sunlight {protect, rElec rC+
                  | Will++ Str-4}
  5557 | D:7      | Reached skill level 15 in Axes
  5924 | D:6      | Found a basalt altar of Yredelemnul.
  5948 | D:6      | Reached skill level 16 in Axes
  6400 | D:5      | Found a snail-covered altar of Cheibriados.
  6435 | D:5      | Reached XP level 10. HP: 64/80 MP: 9/9
  6879 | D:5      | Killed Azoth's ghost
  7345 | D:7      | Found a radiant altar of Vehumet.
  7347 | D:7      | Found a burning altar of Makhleb.
  7367 | D:7      | Reached skill level 17 in Axes
  7372 | D:7      | Noticed Prince Ribbit
  7373 | D:7      | Noticed Pikel
  7480 | D:7      | Killed Pikel
  7649 | D:7      | Killed Prince Ribbit
  8057 | D:8      | Noticed Grum
  8058 | D:8      | Noticed Joseph
  8173 | D:7      | Reached skill level 18 in Axes
  8239 | D:7      | Slain by Grum

Illustrated notes

Levels and vault maps discovered:
D:1:      lightli_arrival_lavapool, layout_loops_cross
D:2:      layout_basic, nicolae_shop_vocational
D:3:      layout_basic, mainiacjoe_overflow_small_starburst,
          shapermc_ecumenical_altar_starsandcircs, roderic_serpentine_path,
          uniq_natasha
D:4:      layout_basic, old_standard_altar, xom_butterflies, temple_statues,
          mainiacjoe_ossuary_entry_find_the_door, uniq_menkaure
D:5:      layout_gridville, amcnicky_altar_gilded, kennysheep_slug_shrine,
          gammafunk_ghost_nasty_kobolds, minmay_puff, uniq_grinder
D:6:      layout_basic, yredelemnul_altar_generic
D:7:      layout_rooms, grunt_temple_overflow_lords_of_destruction,
          uniq_prince_ribbit1, uniq_jeremiah, uniq_maggie, uniq_pikel
D:8:      layout_rooms, lemuel_coloured_pillars_altar, kennysheep_little_box,
          gammafunk_ghost_berserking_beasts, serial_bayou_lagoon_a, uniq_joseph,
          uniq_psyche, uniq_amaemon, uniq_grum
Temple:   pf_slime_end_temple

Skill      XL: |  1  2  3  4  5  6  7  8  9 10 |
---------------+-------------------------------+-----
Fighting       | 4 |  4.4
Axes           | 4 5 6 8 10 13 16 18 | 18.0
Armour         | 3 |  3.6
Dodging        | 3 |  3.3

Action                     |  1- 3 |  4- 6 |  7- 9 | 10-12 || total
---------------------------+-------+-------+-------+-------++-------
  Melee: Hand axe          |    64 |   141 |   270 |       ||   475
         Headbutt          |     8 |    24 |    74 |    20 ||   126
         Punch             |     1 |     2 |     7 |       ||    10
         Trident           |       |       |    63 |   132 ||   195
  Throw: Throwing net      |       |     1 |     1 |       ||     2
         Boomerang         |       |       |    14 |       ||    14
 Invoke: Trog's Hand       |       |       |     1 |     1 ||     2
         Brothers in Arms  |       |       |     1 |       ||     1
  Evoke: Wand              |       |       |       |     1 ||     1
 Armour: Animal skin       |    18 |       |       |       ||    18
         Ring mail         |    18 |       |       |       ||    18
         Chain mail        |    16 |    98 |   211 |       ||   325
         Swamp dragon scal |       |       |    65 |     2 ||    67
         Plate armour      |       |       |       |   108 ||   108
  Dodge: Dodged            |    47 |    72 |   167 |    50 ||   336

Table legend: (Time is in decaauts)
 A = Elapsed time spent in this place.
 B = Non-inter-level travel time spent in this place.
 C = Inter-level travel time spent in this place.
 D = Time resting spent in this place.
 E = Time spent auto-exploring this place.
 F = Levels seen in this place.
 G = Mean time per level.
                   A        B        C        D        E       F      G
               +--------+--------+--------+--------+--------+-----+--------+
         Total |   8149 |   8146 |      3 |    873 |   5042 |  10 |  814.9 |
       Dungeon |   7538 |   7535 |      3 |    873 |   4717 |   8 |  942.2 |
        Temple |      1 |      1 |      0 |      0 |      0 |   1 |    1.0 |
       Ossuary |    609 |    609 |      0 |      0 |    325 |   1 |  609.0 |
               +--------+--------+--------+--------+--------+-----+--------+

Top non-repeatable levels by time:
     D:4: 1586 daAuts
     D:5: 1275 daAuts
     D:6: 1133 daAuts
     D:7: 1046 daAuts
     D:1: 862 daAuts
     D:3: 789 daAuts
     D:2: 746 daAuts
 Ossuary: 609 daAuts
     D:8: 97 daAuts
  Temple: 1 daAuts
